[Event "Rated Blitz game"]
[Site "?"]
[Date "2021.09.24"]
[Round "?"]
[White "oticMJ"]
[Black "matuj"]
[Result "0-1"]
[ECO "C42"]
[WhiteElo "2314"]
[BlackElo "2471"]
[PlyCount "112"]
[EventDate "2021.??.??"]
[EventType "blitz"]
[TimeControl "180"]

1. e4 e5 2. Nf3 Nf6 3. Nxe5 d6 4. Nxf7 Kxf7 5. Nc3 g6 6. d4 Be6 7. Bg5 Be7 8.
Bd3 h6 9. Bh4 c6 10. Qf3 Kg7 11. O-O-O Rf8 12. Qe2 Nh5 13. Bxe7 Qxe7 14. g3 b5
15. f4 a5 16. f5 Bf7 17. Rdf1 Na6 18. g4 Qg5+ 19. Kb1 Nf4 20. Qf2 Nxd3 21. cxd3
b4 22. Ne2 c5 23. Nf4 Qf6 24. fxg6 Bxg6 25. Qe3 cxd4 26. Qg3 Qe5 27. h4 Nc5 28.
g5 h5 29. Rf2 Nxd3 30. Qxd3 Rxf4 31. Rxf4 Qxf4 32. Qxd4+ Qe5 33. Qxe5+ dxe5 34.
Re1 Rd8 35. a3 b3 36. a4 Rd4 37. Re3 Bxe4+ 38. Kc1 Bc2 39. Re1 Rxa4 40. Kd2
Rd4+ 41. Kc3 Rxh4 42. Rxe5 a4 43. Ra5 Kg6 44. Rc5 Rg4 45. Ra5 h4 46. Ra6+ Kxg5
47. Ra5+ Kh6 48. Ra6+ Bg6 49. Ra8 h3 50. Rh8+ Bh7 51. Rd8 h2 52. Rd1 Rg1 53.
Rd2 h1=Q 54. Rd5 Qxd5 55. Kb4 Rg4+ 56. Ka3 Qc5# {Normal} 0-1

[Event "Rated Blitz game"]
[Site "?"]
[Date "2021.09.23"]
[Round "?"]
[White "akatisuki"]
[Black "SNOEBE"]
[Result "1-0"]
[ECO "C42"]
[WhiteElo "2419"]
[BlackElo "2526"]
[PlyCount "137"]
[EventDate "2021.??.??"]
[EventType "blitz"]
[TimeControl "180+2"]

1. e4 e5 2. Nf3 Nf6 3. Nxe5 d6 4. Nxf7 Kxf7 5. d4 c5 6. Bc4+ Be6 7. d5 Bd7 8.
O-O b5 9. Bd3 c4 10. Be2 Nxe4 11. a4 bxa4 12. Bxc4 Nf6 13. Nc3 g6 14. Bg5 h6
15. Bh4 Bg7 16. Ne4 Bf5 17. f3 Nbd7 18. Nxd6+ Kg8 19. Nxf5 gxf5 20. d6+ Kf8 21.
Re1 Qb6+ 22. Bf2 Qc6 23. Be6 Re8 24. Bxf5 Rxe1+ 25. Qxe1 Qxd6 26. Rd1 Qe5 27.
Bxd7 Nxd7 28. Rxd7 Qxe1+ 29. Bxe1 Bxb2 30. Kf1 a3 31. Rxa7 Kg8 32. Bb4 Rh7 33.
Ra8+ Kf7 34. Ra7+ Kg6 35. Ra6+ Kf5 36. Bxa3 Bd4 37. Ra5+ Ke6 38. Bc1 h5 39. g3
h4 40. Bf4 hxg3 41. hxg3 Rb7 42. Ke2 Bc3 43. Rh5 Bg7 44. Kd3 Rd7+ 45. Ke2 Rb7
46. Rc5 Rb1 47. Rc6+ Kd5 48. Rd6+ Kc4 49. Rd7 Bd4 50. Be3 Bf6 51. g4 Rh1 52. g5
Rh2+ 53. Kf1 Bc3 54. Rc7+ Kb4 55. g6 Be5 56. f4 Bxc7 57. g7 Bxf4 58. Bxf4 Rxc2
59. g8=Q Rc4 60. Be3 Kb5 61. Qb8+ Kc6 62. Qc8+ Kb5 63. Qb7+ Ka4 64. Qa6+ Kb3
65. Qb5+ Kc3 66. Ke2 Rc8 67. Bd2+ Kc2 68. Qf5+ Kb2 69. Qxc8 {Normal} 1-0

[Event "Rated Blitz tournament lKheZetb"]
[Site "?"]
[Date "2021.09.23"]
[Round "?"]
[White "josefghng"]
[Black "Barcud9"]
[Result "1-0"]
[ECO "C42"]
[WhiteElo "2491"]
[BlackElo "2270"]
[PlyCount "85"]
[EventDate "2021.??.??"]
[EventType "blitz"]
[TimeControl "180"]

1. e4 e5 2. Nf3 Nf6 3. Nxe5 d6 4. Nxf7 Kxf7 5. Bc4+ d5 6. Bb3 Nxe4 7. Qh5+ g6
8. Qxd5+ Qxd5 9. Bxd5+ Kg7 10. Bxe4 Nc6 11. c3 Bd6 12. O-O Be6 13. d4 Ne7 14.
Bxb7 Rab8 15. Bf3 h5 16. Re1 Kf7 17. Bg5 Nf5 18. b4 a5 19. a3 Bb3 20. Nd2 Bc2
21. Bd5+ Kg7 22. Ne4 Bxe4 23. Bxe4 axb4 24. axb4 h4 25. h3 Rh5 26. Bd2 Ne7 27.
Ra7 Rf8 28. Bf3 Rhf5 29. c4 Nc8 30. Ra2 Bf4 31. Bc3 Kh7 32. Bg4 R5f7 33. Bxc8
Rxc8 34. d5 g5 35. Rae2 g4 36. hxg4 h3 37. gxh3 Bg5 38. Re8 Rxe8 39. Rxe8 Kg6
40. Kg2 Rf4 41. Bd2 Rxc4 42. Rg8+ Kf7 43. Rxg5 {Normal} 1-0

[Event "Rated Blitz game"]
[Site "?"]
[Date "2021.09.23"]
[Round "?"]
[White "reda74"]
[Black "vit2014"]
[Result "0-1"]
[ECO "C42"]
[WhiteElo "2463"]
[BlackElo "2467"]
[PlyCount "146"]
[EventDate "2021.??.??"]
[EventType "blitz"]
[TimeControl "300"]

1. e4 e5 2. Nf3 Nf6 3. Nxe5 d6 4. Nxf7 Kxf7 5. Bc4+ Be6 6. Bxe6+ Kxe6 7. O-O
Be7 8. d4 Kf7 9. Nc3 Rf8 10. f4 Kg8 11. e5 dxe5 12. fxe5 Nd5 13. Ne4 Rxf1+ 14.
Qxf1 c6 15. c4 Nb6 16. Be3 N8d7 17. Rd1 Qe8 18. Qf3 Qg6 19. Nd2 Rf8 20. Qh3 Qf5
21. Qxf5 Rxf5 22. g4 Rf8 23. b3 h6 24. Kg2 Bg5 25. Bxg5 hxg5 26. Ne4 Rf4 27.
Nf2 Kf7 28. Kg3 c5 29. dxc5 Nxc5 30. h4 Ne4+ 31. Nxe4 Rxe4 32. c5 Nc8 33. Rd7+
Ne7 34. Rxb7 Rxe5 35. b4 Re3+ 36. Kf2 Ra3 37. hxg5 Rxa2+ 38. Kf3 Ke6 39. b5 Ra4
40. c6 g6 41. Kg3 Ra5 42. Kh4 Ra3 43. Rb8 Rc3 44. Rb7 Rc5 45. Kg3 a6 46. bxa6
Rxc6 47. a7 Ra6 48. Rb6+ Rxb6 49. a8=Q Rd6 50. Qb7 Rd5 51. Qb3 Ke5 52. Qc3+ Ke6
53. Qf6+ Kd7 54. Kf3 Rd6 55. Qf7 Rd4 56. Qb3 Rd6 57. Ke4 Re6+ 58. Kf4 Rd6 59.
Qa4+ Ke6 60. Ke4 Rc6 61. Qb3+ Kd6 62. Qb4+ Ke6 63. Qb5 Kd6 64. Qe5+ Kd7 65. Qg7
Re6+ 66. Kf4 Kd6 67. Qd4+ Nd5+ 68. Kg3 Re3+ 69. Kh4 Re6 70. Qd3 Kc6 71. Qc4+
Kd6 72. Qd3 Kc5 73. Qc2+ Kd4 {Time forfeit} 0-1

[Event "Rated Blitz tournament AwM1EV7e"]
[Site "?"]
[Date "2021.09.23"]
[Round "?"]
[White "tatamaco"]
[Black "ManuelLavarden"]
[Result "0-1"]
[ECO "C42"]
[WhiteElo "2417"]
[BlackElo "2250"]
[PlyCount "114"]
[EventDate "2021.??.??"]
[EventType "blitz"]
[TimeControl "180+2"]

1. e4 e5 2. Nf3 Nf6 3. Nxe5 d6 4. Nxf7 Kxf7 5. d4 g6 6. Bc4+ Kg7 7. f3 d5 8.
exd5 Nxd5 9. O-O Nc6 10. c3 Be6 11. Qe2 Bf7 12. Nd2 Nf4 13. Qe3 Bxc4 14. Nxc4
Nd5 15. Qf2 Qf6 16. Bd2 Bd6 17. g3 Rhf8 18. f4 Rae8 19. Ne5 Bxe5 20. dxe5 Qf5
21. Qc5 Nde7 22. Be3 Rd8 23. b4 a6 24. a4 b6 25. Qc4 Qd3 26. Qxd3 Rxd3 27. Bf2
Rxc3 28. b5 axb5 29. axb5 Na5 30. Be1 Rc5 31. Bxa5 bxa5 32. Rxa5 Rb8 33. Rb1
Nd5 34. Rb3 Nc3 35. Raa3 Nxb5 36. Ra5 c6 37. Kg2 Rc2+ 38. Kh3 Rb7 39. Rd3 h5
40. Ra8 Rc4 41. Rdd8 Kf7 42. Rh8 Ke6 43. Rhg8 Kf5 44. Raf8+ Ke4 45. Rxg6 Nd4
46. Kh4 Rb2 47. h3 Rh2 48. Kxh5 Rxh3+ 49. Kg4 Rh7 50. Re8 Rc3 51. e6 Nf5 52.
Kg5 Rxg3+ 53. Kf6 Rxg6+ 54. Kxg6 Rh6+ 55. Kf7 Nd6+ 56. Kf8 Nxe8 57. Kxe8 Rxe6+
{Normal} 0-1

[Event "Rated Blitz game"]
[Site "?"]
[Date "2021.09.23"]
[Round "?"]
[White "MuffinouBrownie"]
[Black "YourDentist93"]
[Result "1-0"]
[ECO "C42"]
[WhiteElo "2445"]
[BlackElo "2540"]
[PlyCount "115"]
[EventDate "2021.??.??"]
[EventType "blitz"]
[TimeControl "180"]

1. e4 e5 2. Nf3 Nf6 3. Nxe5 d6 4. Nxf7 Kxf7 5. d4 Be7 6. Nc3 Re8 7. Bc4+ Kf8 8.
O-O c6 9. Bb3 Bg4 10. f3 Bh5 11. Ne2 Bf7 12. c3 Nbd7 13. Nf4 d5 14. e5 Nh5 15.
e6 Nxf4 16. exf7 Nh3+ 17. gxh3 Kxf7 18. Kh1 Bd6 19. Qd2 Qh4 20. Qg2 Nf6 21. Bd2
Re6 22. Rae1 Rae8 23. Rxe6 Rxe6 24. Bc2 h6 25. Bg6+ Kf8 26. Bf5 Re8 27. Rg1 g5
28. Qf1 Bf4 29. Be1 Qh5 30. Bg3 Bxg3 31. hxg3 Re3 32. Bg4 Qe8 33. Kh2 h5 34.
Bf5 Re2+ 35. Rg2 Rxg2+ 36. Kxg2 Qe3 37. Qd3 Qxd3 38. Bxd3 Ke7 39. h4 gxh4 40.
gxh4 Ke6 41. Kg3 b6 42. Kf4 c5 43. Bg6 cxd4 44. cxd4 b5 45. Kg5 Nd7 46. Bf5+
Kd6 47. Bxd7 Kxd7 48. Kxh5 Ke6 49. Kg6 b4 50. f4 b3 51. axb3 Kd7 52. f5 Kc6 53.
f6 Kb5 54. f7 Kb4 55. f8=Q+ Kxb3 56. Qe7 Kc2 57. Qxa7 Kb1 58. Qc5 {Time forfeit
} 1-0

[Event "Rated Blitz game"]
[Site "?"]
[Date "2021.09.23"]
[Round "?"]
[White "bojdulko"]
[Black "Osvetnik67"]
[Result "0-1"]
[ECO "C42"]
[WhiteElo "2367"]
[BlackElo "2418"]
[PlyCount "42"]
[EventDate "2021.??.??"]
[EventType "blitz"]
[TimeControl "180"]

1. e4 e5 2. Nf3 Nf6 3. Nxe5 d6 4. Nxf7 Kxf7 5. Bc4+ d5 6. exd5 Bd6 7. h3 Re8+
8. Be2 Nxd5 9. O-O Kg8 10. Bc4 c6 11. d4 Be6 12. Re1 Bf7 13. Nd2 Nd7 14. Ne4
N7b6 15. Bd3 Bg6 16. b3 Nb4 17. Nxd6 Qxd6 18. Bxg6 Qxg6 19. Rxe8+ Rxe8 20. c3
Nc2 21. Rb1 Re1+ {Normal} 0-1

[Event "Rated Blitz game"]
[Site "?"]
[Date "2021.09.23"]
[Round "?"]
[White "Quasi_Mister_Obasi"]
[Black "Borjuschka"]
[Result "1-0"]
[ECO "C42"]
[WhiteElo "2478"]
[BlackElo "2214"]
[PlyCount "51"]
[EventDate "2021.??.??"]
[EventType "blitz"]
[TimeControl "180+2"]

1. e4 e5 2. Nf3 Nf6 3. Nxe5 d6 4. Nxf7 Kxf7 5. Nc3 Be7 6. Bc4+ Be6 7. Bxe6+
Kxe6 8. O-O Rf8 9. d4 Kf7 10. f4 Kg8 11. Qe2 Nc6 12. Be3 d5 13. e5 Ne4 14. Nxe4
dxe4 15. Rad1 Kh8 16. d5 Nb4 17. c3 Nxd5 18. c4 Nxe3 19. Rxd8 Nxf1 20. Rxa8
Rxa8 21. Kxf1 Rd8 22. Qxe4 c6 23. Ke2 Kg8 24. Qf5 Bc5 25. e6 Rf8 26. Qxc5 {
Normal} 1-0

[Event "Rated Blitz game"]
[Site "?"]
[Date "2021.09.23"]
[Round "?"]
[White "bojdulko"]
[Black "gambitodorei"]
[Result "0-1"]
[ECO "C42"]
[WhiteElo "2380"]
[BlackElo "2417"]
[PlyCount "106"]
[EventDate "2021.??.??"]
[EventType "blitz"]
[TimeControl "180"]

1. e4 e5 2. Nf3 Nf6 3. Nxe5 d6 4. Nxf7 Kxf7 5. Bc4+ Be6 6. Bxe6+ Kxe6 7. O-O
Be7 8. d4 Rf8 9. c3 Kf7 10. Qb3+ d5 11. Qxb7 Nbd7 12. e5 Rb8 13. Qa6 Rb6 14.
Qd3 Ne4 15. f3 Ng5 16. f4 Ne4 17. f5 Kg8 18. b4 Bg5 19. Ba3 Qe8 20. b5 Rf7 21.
e6 Rxe6 22. fxe6 Rxf1+ 23. Qxf1 Be3+ 24. Kh1 Nf2+ 25. Kg1 Qxe6 26. Nd2 Ne4+ 27.
Kh1 Bxd2 28. Bc1 Ndf6 29. Bxd2 Nxd2 30. Qe1 Nde4 31. Rc1 Ng4 32. h3 Ngf2+ 33.
Kg1 Qg6 34. Qe3 Qb6 35. Rf1 Qxb5 36. Rxf2 Nxf2 37. Kxf2 h6 38. Qe6+ Kh8 39.
Qc8+ Kh7 40. Qxc7 Qb2+ 41. Kg3 Qxa2 42. Qc5 a5 43. Kf4 a4 44. g4 a3 45. g5 Qc4
46. Qf8 Qf1+ 47. Ke5 Qxf8 48. g6+ Kxg6 49. Kxd5 a2 50. Kc4 a1=Q 51. d5 Qa6+ 52.
Kd4 Qd8 53. c4 Qd7 {Normal} 0-1

[Event "Rated Blitz game"]
[Site "?"]
[Date "2021.09.22"]
[Round "?"]
[White "wallie666"]
[Black "Random_Patzer"]
[Result "0-1"]
[ECO "C42"]
[WhiteElo "2461"]
[BlackElo "2472"]
[PlyCount "62"]
[EventDate "2021.??.??"]
[EventType "blitz"]
[TimeControl "180"]

1. e4 e5 2. Nf3 Nf6 3. Nxe5 d6 4. Nxf7 Kxf7 5. d4 c5 6. dxc5 Qa5+ 7. Nc3 Qxc5
8. Be3 Qc7 9. Qd2 a6 10. h3 Be6 11. g4 h6 12. Bg2 Nc6 13. f4 Na5 14. f5 Bd7 15.
Nd5 Nxd5 16. Qxd5+ Ke8 17. O-O Be7 18. Bd4 Bf6 19. Bxf6 gxf6 20. Rad1 Qc5+ 21.
Kh2 Qxd5 22. Rxd5 Nc4 23. Rb1 Bc6 24. Rd4 Ne5 25. Rxd6 Ke7 26. Re6+ Kf7 27. b3
Rad8 28. Kg3 Rd2 29. c4 Rhd8 30. a4 R8d3+ 31. Kh4 Rxg2 {Normal} 0-1

[Event "Rated Rapid game"]
[Site "?"]
[Date "2021.09.22"]
[Round "?"]
[White "Krishnan1111222"]
[Black "rocoide"]
[Result "0-1"]
[ECO "C42"]
[WhiteElo "2273"]
[BlackElo "2422"]
[PlyCount "64"]
[EventDate "2021.??.??"]
[EventType "rapid"]
[TimeControl "600"]

1. e4 e5 2. Nf3 Nf6 3. Nxe5 d6 4. Nxf7 Kxf7 5. d4 c5 6. d5 Nxe4 7. Qf3+ Nf6 8.
Bg5 Be7 9. Nc3 Bg4 10. Qg3 Nbd7 11. f3 Bh5 12. O-O-O Bg6 13. h4 h6 14. Bd2 a6
15. h5 Nxh5 16. Qh3 Nhf6 17. Qe6+ Kf8 18. g4 Ne5 19. g5 Ng8 20. f4 Bf7 21. Qh3
Ng6 22. Qf3 hxg5 23. fxg5 Rxh1 24. Qxh1 Bxg5 25. Bd3 Ne5 26. Bf5 Bxd2+ 27. Rxd2
Qg5 28. Qf1 Nf6 29. Kd1 Bh5+ 30. Kc1 Nf3 31. Ne4 Nxe4 32. Bxe4 Qxd2+ {Normal}
0-1

[Event "Rated Blitz game"]
[Site "?"]
[Date "2021.09.22"]
[Round "?"]
[White "Dmitry_Gritsenko"]
[Black "Random_Patzer"]
[Result "1-0"]
[ECO "C42"]
[WhiteElo "2499"]
[BlackElo "2463"]
[PlyCount "87"]
[EventDate "2021.??.??"]
[EventType "blitz"]
[TimeControl "180"]

1. e4 e5 2. Nf3 Nf6 3. Nxe5 d6 4. Nxf7 Kxf7 5. d4 c5 6. Nc3 Nc6 7. Bc4+ Ke8 8.
dxc5 Ne5 9. Bb5+ Bd7 10. cxd6 a6 11. Be2 Qa5 12. O-O h5 13. f4 Neg4 14. e5 Qc5+
15. Kh1 Nf2+ 16. Rxf2 Qxf2 17. exf6 gxf6 18. Ne4 Qb6 19. Nxf6+ Kd8 20. Ne4 h4
21. Ng5 Kc8 22. Bg4 Qxd6 23. Qe2 Bxg4 24. Qxg4+ Qd7 25. f5 h3 26. Nxh3 Bd6 27.
Be3 Kc7 28. Rd1 Qc6 29. Bf4 Bxf4 30. Qxf4+ Kb6 31. Rd6 Rad8 32. Rxc6+ Kxc6 33.
Qf3+ Kc7 34. Nf4 Rhe8 35. h3 Re1+ 36. Kh2 Rdd1 37. f6 Rf1 38. Qc3+ Kd6 39. Nd3
Ke6 40. Qe5+ Kf7 41. Qe7+ Kg6 42. Qg7+ Kf5 43. f7 Ke6 44. f8=Q {Normal} 1-0

[Event "Rated Blitz game"]
[Site "?"]
[Date "2021.09.22"]
[Round "?"]
[White "alesha_kiselev"]
[Black "Artem_Ry"]
[Result "1-0"]
[ECO "C42"]
[WhiteElo "2430"]
[BlackElo "2413"]
[PlyCount "107"]
[EventDate "2021.??.??"]
[EventType "blitz"]
[TimeControl "180"]

1. e4 e5 2. Nf3 Nf6 3. Nxe5 d6 4. Nxf7 Kxf7 5. d4 d5 6. e5 Ne4 7. Qf3+ Kg8 8.
Bd3 Be6 9. O-O Nc6 10. c3 Ng5 11. Qg3 Be7 12. f4 Ne4 13. Bxe4 dxe4 14. f5 Bh4
15. Qg4 h5 16. Qxe4 Bd5 17. Qf4 Be7 18. f6 Bf8 19. Qg3 h4 20. Qg4 Qe8 21. Bg5
Qg6 22. Qf5 Qxf5 23. Rxf5 gxf6 24. Bxf6 Rh7 25. Nd2 Be6 26. Rf4 Bh6 27. Rf2 Be3
28. Ne4 Bxf2+ 29. Kxf2 Rf8 30. Ng5 Re7 31. Ke3 Ree8 32. Rf1 Bc4 33. Rf4 Ne7 34.
Kd2 Ng6 35. Rg4 Rxf6 36. exf6 Bf7 37. Nf3 Kf8 38. g3 hxg3 39. Rxg3 Nf4 40. Ne5
Nd5 41. Rh3 Bg8 42. Rh8 Nxf6 43. h4 Kg7 44. Rxg8+ Kxg8 45. h5 Nxh5 46. c4 Rxe5
47. dxe5 Kf7 48. Kc3 Ke6 49. Kd4 c5+ 50. Kxc5 Kxe5 51. b4 Nf4 52. a4 Nd3+ 53.
Kb5 Nxb4 54. Kxb4 {Time forfeit} 1-0

[Event "Rated Blitz tournament tvyFDsKE"]
[Site "?"]
[Date "2021.09.22"]
[Round "?"]
[White "KaptenEvans"]
[Black "Prayer791"]
[Result "0-1"]
[ECO "C42"]
[WhiteElo "2399"]
[BlackElo "2575"]
[PlyCount "32"]
[EventDate "2021.??.??"]
[EventType "blitz"]
[TimeControl "180"]

1. e4 e5 2. Nf3 Nf6 3. Nxe5 d6 4. Nxf7 Kxf7 5. d4 Be6 6. Nc3 g6 7. f4 Bg7 8.
Bd3 Re8 9. e5 dxe5 10. fxe5 Qxd4 11. exf6 Bg4+ 12. Ne2 Bxf6 13. h3 Bxe2 14.
Bxe2 Qh4+ 15. Kf1 Nc6 16. Qd5+ Kg7 {Normal} 0-1

[Event "Rated Blitz game"]
[Site "?"]
[Date "2021.09.22"]
[Round "?"]
[White "popina123"]
[Black "geneh59"]
[Result "0-1"]
[ECO "C42"]
[WhiteElo "2565"]
[BlackElo "2423"]
[PlyCount "94"]
[EventDate "2021.??.??"]
[EventType "blitz"]
[TimeControl "300"]

1. e4 e5 2. Nf3 Nf6 3. Nxe5 d6 4. Nxf7 Kxf7 5. Nc3 c6 6. d4 Be7 7. Bc4+ Be6 8.
Bxe6+ Kxe6 9. O-O Re8 10. f4 Kf7 11. e5 Nd5 12. Ne4 Kg8 13. c4 Nb6 14. Nxd6
Bxd6 15. exd6 Nxc4 16. Qb3 b5 17. a4 Qxd6 18. axb5 Qxd4+ 19. Kh1 cxb5 20. Qxb5
Nd7 21. f5 Re5 22. Qb7 Rb8 23. Qf3 a5 24. Bf4 Rxf5 25. Rad1 Rxf4 26. Qxf4 Qxf4
27. Rxf4 Nde5 28. h4 g6 29. Rd5 Rxb2 30. Rc5 a4 31. Rfxc4 Nxc4 32. Rxc4 a3 33.
Ra4 a2 34. Kh2 Kf7 35. Kg3 Ke6 36. Kf3 Kd5 37. g4 Kc5 38. Ke3 Kb5 39. Ra7 Kc4
40. h5 Kc3 41. hxg6 hxg6 42. Kf4 Kb3 43. Kg5 Rg2 44. Rb7+ Kc2 45. Rc7+ Kb1 46.
Rb7+ Rb2 47. Ra7 Rb6 {Time forfeit} 0-1

[Event "Rated Blitz game"]
[Site "?"]
[Date "2021.09.22"]
[Round "?"]
[White "Neftegor"]
[Black "Prayer791"]
[Result "1-0"]
[ECO "C42"]
[WhiteElo "2563"]
[BlackElo "2577"]
[PlyCount "99"]
[EventDate "2021.??.??"]
[EventType "blitz"]
[TimeControl "180"]

1. e4 e5 2. Nf3 Nf6 3. Nxe5 d6 4. Nxf7 Kxf7 5. d4 Be6 6. d5 Bc8 7. f3 g6 8. c4
Bg7 9. Nc3 Re8 10. Bd3 Kg8 11. O-O Nbd7 12. Be3 a5 13. Qd2 b6 14. Rae1 Nc5 15.
Bc2 Bd7 16. Bg5 Qc8 17. f4 Ng4 18. h3 Nh6 19. e5 Nf7 20. e6 Nxe6 21. dxe6 Bxe6
22. Nd5 Nxg5 23. fxg5 Bxd5 24. Qxd5+ Kh8 25. b3 Qd7 26. Be4 Rf8 27. Bf3 Rae8
28. Qc6 Qd8 29. h4 Re5 30. Rxe5 Bxe5 31. g4 Qe7 32. Kg2 h6 33. Qe4 Kh7 34. Rh1
Rf4 35. Qd3 hxg5 36. h5 Kg8 37. Qxg6+ Qg7 38. Qe8+ Rf8 39. Bd5+ Kh8 40. Qg6
Qxg6 41. hxg6+ Kg7 42. Be4 Rh8 43. Rh7+ Rxh7 44. gxh7 a4 45. Bf5 axb3 46. axb3
Kh8 47. Kf3 Kg7 48. Ke4 Kh8 49. Kd5 Kg7 50. Kc6 {Time forfeit} 1-0

[Event "Rated Blitz game"]
[Site "?"]
[Date "2021.09.22"]
[Round "?"]
[White "Neftegor"]
[Black "Artem_Ry"]
[Result "0-1"]
[ECO "C42"]
[WhiteElo "2566"]
[BlackElo "2462"]
[PlyCount "40"]
[EventDate "2021.??.??"]
[EventType "blitz"]
[TimeControl "180"]

1. e4 e5 2. Nf3 Nf6 3. Nxe5 d6 4. Nxf7 Kxf7 5. d4 Be7 6. Bc4+ d5 7. exd5 Bd6 8.
O-O Re8 9. Bb3 Kg8 10. c4 Kh8 11. Bg5 Be7 12. Bf4 Bf5 13. Nc3 c6 14. dxc6 Nxc6
15. d5 Na5 16. Ba4 Rf8 17. d6 Nxc4 18. dxe7 Qxe7 19. Bd6 Qxd6 20. Qe2 Bd3 {
Normal} 0-1

[Event "Rated Blitz game"]
[Site "?"]
[Date "2021.09.21"]
[Round "?"]
[White "FunnyPlz"]
[Black "TheGratefulDead"]
[Result "1-0"]
[ECO "C42"]
[WhiteElo "2418"]
[BlackElo "2396"]
[PlyCount "39"]
[EventDate "2021.??.??"]
[EventType "blitz"]
[TimeControl "180+2"]

1. e4 e5 2. Nf3 Nf6 3. Nxe5 d6 4. Nxf7 Kxf7 5. d4 Be7 6. Bc4+ Be6 7. Bxe6+ Kxe6
8. Nc3 c6 9. O-O Kf7 10. Qf3 Nbd7 11. Re1 Kg8 12. Qh3 Nf8 13. Bd2 Qd7 14. Qd3
Re8 15. Rad1 Qe6 16. b3 N8d7 17. f4 g6 18. h3 Bd8 19. g4 Nxg4 20. d5 {Normal}
1-0

[Event "Rated Blitz game"]
[Site "?"]
[Date "2021.09.21"]
[Round "?"]
[White "Soorajmr"]
[Black "Dani_CSS"]
[Result "1-0"]
[ECO "C42"]
[WhiteElo "2431"]
[BlackElo "2434"]
[PlyCount "43"]
[EventDate "2021.??.??"]
[EventType "blitz"]
[TimeControl "180"]

1. e4 e5 2. Nf3 Nf6 3. Nxe5 d6 4. Nxf7 Kxf7 5. Bc4+ d5 6. exd5 Bd6 7. O-O Re8
8. d4 Kg8 9. Bg5 Kh8 10. Bb3 h6 11. Bh4 Nbd7 12. c4 b6 13. Nc3 Qe7 14. Bc2 Qf7
15. Qd3 Nf8 16. Rae1 Bd7 17. a3 Qh5 18. Bg3 Rxe1 19. Rxe1 Re8 20. Rf1 Bxg3 21.
fxg3 Ng4 22. Rxf8+ {Normal} 1-0

[Event "Rated Blitz game"]
[Site "?"]
[Date "2021.09.21"]
[Round "?"]
[White "Eltorlaki"]
[Black "Move90novelty"]
[Result "0-1"]
[ECO "C42"]
[WhiteElo "2378"]
[BlackElo "2445"]
[PlyCount "97"]
[EventDate "2021.??.??"]
[EventType "blitz"]
[TimeControl "300"]

1. e4 e5 2. Nf3 Nf6 3. Nxe5 d6 4. Nxf7 Kxf7 5. Bc4+ d5 6. exd5 Bd6 7. Nc3 Re8+
8. Ne2 Nbd7 9. O-O Ne5 10. d3 Nxc4 11. dxc4 Kg8 12. Ng3 Bg4 13. Qd4 Be5 14. Qd3
Bxg3 15. Qxg3 Be2 16. Be3 Bxf1 17. Rxf1 Ne4 18. Qg4 Nf6 19. Qg3 Qd7 20. h3 Ne4
21. Qh4 Qf5 22. c3 Qf6 23. Qg4 Nd6 24. c5 Nf5 25. Bg5 Qg6 26. Rd1 h6 27. Bf4
Qxg4 28. hxg4 Ne7 29. Bxc7 Rac8 30. d6 Rxc7 31. dxc7 Nc6 32. b4 a6 33. a4 Rc8
34. b5 axb5 35. axb5 Ne7 36. Rd8+ Kf7 37. Rxc8 Nxc8 38. c6 bxc6 39. bxc6 Ke6
40. f4 Kd5 41. g5 h5 42. Kf2 Ke4 43. Kg3 g6 44. c4 Ne7 45. c5 Nc8 46. Kh4 Kxf4
47. g3+ Kf5 48. g4+ hxg4 49. Kg3 {Normal} 0-1

[Event "Rated Blitz game"]
[Site "?"]
[Date "2021.09.20"]
[Round "?"]
[White "Jessejames88"]
[Black "durasno"]
[Result "0-1"]
[ECO "C42"]
[WhiteElo "2557"]
[BlackElo "2596"]
[PlyCount "90"]
[EventDate "2021.??.??"]
[EventType "blitz"]
[TimeControl "180"]

1. e4 e5 2. Nf3 Nf6 3. Nxe5 d6 4. Nxf7 Kxf7 5. d4 c6 6. Nc3 Be7 7. Bc4+ d5 8.
exd5 cxd5 9. Bb3 Be6 10. O-O Nc6 11. Re1 Na5 12. Qe2 Qd7 13. Ba4 Nc6 14. Bg5 h6
15. Bh4 Rhe8 16. Rad1 a6 17. Bb3 Na5 18. Ba4 b5 19. Nxb5 axb5 20. Bxb5 Nc6 21.
Qd3 g5 22. Bg3 Rxa2 23. f3 Rxb2 24. Be5 Rxb5 25. Qxb5 Nxe5 26. Qb6 Nc4 27. Qb3
Bd6 28. Qd3 Bf5 29. Qb3 Rb8 30. Qc3 Bb4 31. Qb3 Na5 32. Qb1 Nc6 33. Rf1 Bc3 34.
Qa2 Rb2 35. Qa8 Bxd4+ 36. Kh1 Rxc2 37. Qh8 Ng8 38. Rxd4 Nxd4 39. Qxd4 Nf6 40.
Qe5 Qe6 41. Qb8 Qe2 42. Qb7+ Kg6 43. Rg1 Bh3 44. Qc8 Bxg2+ 45. Rxg2 Qxg2# {
Normal} 0-1

[Event "Rated Blitz game"]
[Site "?"]
[Date "2021.09.20"]
[Round "?"]
[White "peaudepaillator"]
[Black "Inward_Oceans"]
[Result "1-0"]
[ECO "C42"]
[WhiteElo "2609"]
[BlackElo "2640"]
[PlyCount "131"]
[EventDate "2021.??.??"]
[EventType "blitz"]
[TimeControl "180"]

1. e4 e5 2. Nf3 Nf6 3. Nxe5 d6 4. Nxf7 Kxf7 5. Nc3 c5 6. Bc4+ Be6 7. Bxe6+ Kxe6
8. O-O Nc6 9. f4 Kd7 10. d3 a6 11. Be3 b5 12. d4 b4 13. e5 bxc3 14. dxc5 Ne4
15. cxd6 Nxd6 16. exd6 Bxd6 17. Qg4+ Kc7 18. Rad1 cxb2 19. Qxg7+ Qe7 20. Qxb2
Qxe3+ 21. Kh1 Rab8 22. Qg7+ Qe7 23. Qc3 Rhg8 24. Qc4 Qg7 25. Rd2 Bb4 26. Rdf2
Rgf8 27. f5 Qe5 28. f6 Qb5 29. Qe4 Rf7 30. Qe6 Rbf8 31. Rf5 Nd4 32. Rxb5 Nxe6
33. Rxb4 Rxf6 34. Rxf6 Rxf6 35. Kg1 Nf4 36. Rc4+ Kd6 37. Re4 Kd5 38. Re8 Kc4
39. h3 Kc3 40. Re7 h6 41. Rc7+ Kb2 42. a4 Ne2+ 43. Kh2 Nc3 44. a5 Rf5 45. Rc6
Rxa5 46. Rb6+ Kxc2 47. Rxh6 Ra2 48. h4 a5 49. h5 a4 50. Rc6 a3 51. h6 Rb2 52.
Ra6 a2 53. h7 Rb8 54. g4 Rh8 55. Ra7 Kb3 56. Kg2 Na4 57. Rb7+ Ka3 58. Rg7 a1=Q
59. Rg5 Qb2+ 60. Kg3 Qf6 61. Rf5 Qd6+ 62. Kg2 Nc5 63. Rf3+ Nd3 64. Rf2 Qd5+ 65.
Kf1 Nxf2 66. Ke2 {Time forfeit} 1-0

[Event "Rated Blitz game"]
[Site "?"]
[Date "2021.09.20"]
[Round "?"]
[White "oticMJ"]
[Black "Radivas"]
[Result "1-0"]
[ECO "C42"]
[WhiteElo "2279"]
[BlackElo "2423"]
[PlyCount "121"]
[EventDate "2021.??.??"]
[EventType "blitz"]
[TimeControl "180"]

1. e4 e5 2. Nf3 Nf6 3. Nxe5 d6 4. Nxf7 Kxf7 5. Nc3 Nc6 6. Bc4+ Be6 7. Bxe6+
Kxe6 8. O-O g6 9. d4 Kf7 10. f4 Bg7 11. e5 Nd7 12. Ne4 dxe5 13. fxe5+ Kg8 14.
c3 Nb6 15. Bg5 Qd5 16. Nf6+ Bxf6 17. Bxf6 h5 18. Bxh8 Kxh8 19. Qb3 Qxb3 20.
axb3 Kg7 21. Rf6 Nd5 22. Rf3 Nce7 23. c4 Nb6 24. h3 Nd7 25. g4 hxg4 26. hxg4
Ng8 27. Raf1 Nh6 28. g5 Nf5 29. Rf4 c5 30. e6 Nf8 31. d5 Re8 32. Kf2 Nh7 33.
Rg1 a6 34. Ke1 b5 35. Kd2 Nd6 36. Kc3 b4+ 37. Kd3 Nf5 38. Ke4 Nf8 39. Rxf5
gxf5+ 40. Kxf5 Ng6 41. Ra1 Rf8+ 42. Ke4 Rf4+ 43. Ke3 Rf5 44. Rxa6 Rxg5 45. Rc6
Kf6 46. Rxc5 Rg3+ 47. Kd4 Ne5 48. Rb5 Rg4+ 49. Kc5 Nd3+ 50. Kd6 Rg7 51. Rb8 Ra7
52. Rf8+ Kg7 53. Rf7+ Rxf7 54. exf7 Kxf7 55. Kc7 Ke8 56. d6 Nc5 57. Kc6 Nd7 58.
c5 Ne5+ 59. Kb5 Kd7 60. Kxb4 Kc6 61. d7 {Time forfeit} 1-0

[Event "Rated Blitz game"]
[Site "?"]
[Date "2021.09.20"]
[Round "?"]
[White "Monkey_King"]
[Black "baemoth"]
[Result "1-0"]
[ECO "C42"]
[WhiteElo "2562"]
[BlackElo "2381"]
[PlyCount "53"]
[EventDate "2021.??.??"]
[EventType "blitz"]
[TimeControl "180"]

1. e4 e5 2. Nf3 Nf6 3. Nxe5 d6 4. Nxf7 Kxf7 5. Nc3 c6 6. d4 g6 7. f4 Bg7 8. Be2
Re8 9. O-O Kg8 10. e5 Nd5 11. Ne4 dxe5 12. fxe5 Bf5 13. Bg5 Qd7 14. Nd6 Rf8 15.
c4 Nc7 16. Qb3 Be6 17. Rxf8+ Bxf8 18. Rf1 Bxd6 19. exd6 Qxd6 20. Bh6 Qxd4+ 21.
Kh1 Nba6 22. Qxb7 Re8 23. c5 Bc4 24. Qxc6 Rd8 25. Bxc4+ Qxc4 26. Qf6 Ne6 27.
Qxd8+ {Normal} 1-0

[Event "Rated Blitz game"]
[Site "?"]
[Date "2021.09.20"]
[Round "?"]
[White "bojdulko"]
[Black "baemoth"]
[Result "0-1"]
[ECO "C42"]
[WhiteElo "2382"]
[BlackElo "2414"]
[PlyCount "88"]
[EventDate "2021.??.??"]
[EventType "blitz"]
[TimeControl "180"]

1. e4 e5 2. Nf3 Nf6 3. Nxe5 d6 4. Nxf7 Kxf7 5. Bc4+ d5 6. exd5 Qe8+ 7. Be2 Bd6
8. h3 Nxd5 9. d4 Nf6 10. O-O Rf8 11. c4 Kg8 12. c5 Be7 13. Bc4+ Kh8 14. Re1 Qd8
15. Nc3 c6 16. Bg5 Nd5 17. Bxe7 Nxe7 18. Qh5 Nd7 19. Ne4 Nf6 20. Nxf6 Rxf6 21.
Qe5 Ng6 22. Qe3 Bd7 23. Rad1 Qe8 24. Qg5 Qf8 25. Rf1 Re8 26. d5 Qxc5 27. b3
cxd5 28. Rxd5 Qe7 29. Qh5 Be6 30. Re1 Qf7 31. Rd4 Bxc4 32. Rxe8+ Qxe8 33. Rxc4
Qe1+ 34. Kh2 Qxf2 35. Rc8+ Rf8 36. Rxf8+ Qxf8 37. Qd5 Qf4+ 38. g3 Qb8 39. h4
Ne7 40. Qf7 Ng8 41. h5 h6 42. Qg6 Nf6 43. Qf5 Qe8 44. g4 Qd7 {Time forfeit} 0-1